 Dungeon Crawl Stone Soup version 0.17-a0-1798-g879a7aa (webtiles) character file.

83 shakdrar the Grasshopper (level 4, -7/23 HPs)
             Began as a Spriggan Warper on Sept 10, 2015.
             Mangled by an orc
             ... wielding a +0 falchion
              (10 damage)
             ... on level 3 of the Dungeon.
             The game lasted 00:09:24 (3001 turns).

shakdrar the Grasshopper (Spriggan Warper)          Turns: 3001, Time: 00:09:24

Health: -7/23      AC:  3    Str:  8    XL:     4   Next: 22%
Magic:  9/9        EV: 19    Int: 19    God:
Gold:   152        SH:  0    Dex: 15    Spells: 2 memorised, 5 levels left

rFire  . . .     SeeInvis +     a - +0 short sword
rCold  . . .     Clarity  .     b - +1 robe
rNeg   . . .     SustAt   .     (shield restricted)
rPois  .         Gourm    .     (helmet restricted)
rElec  .         Spirit   .     (no cloak)
rCorr  .         Warding  .     (gloves unavailable)
rMut   .         Stasis   .     (boots unavailable)
MR     .....                    (no amulet)
Stlth  ++........               (no ring)
                                (no ring)

@: brilliant, very slightly contaminated, hasted, very quick, not resistant to
hostile enchantments, unstealthy
A: unfitting armour, antennae 1, see invisible, herbivore 3, speed 3, slow
metabolism 2
a: no special abilities


You were on level 3 of the Dungeon.
You were not hungry.

You visited 1 branch of the dungeon, and saw 3 of its levels.

You collected 152 gold pieces.

Inventory:

Hand weapons
 a - a +0 short sword (weapon)
Missiles
 e - 5 tomahawks of dispersal (quivered)
Armour
 b - a +1 robe (worn)
Magical devices
 k - a wand of polymorph (10)
Scrolls
 d - a scroll of blinking
 g - 2 scrolls of teleportation
 h - a scroll of identify
 l - a scroll of remove curse
 o - a scroll of enchant armour
Potions
 i - a potion of invisibility
 m - 2 potions of berserk rage {unknown}
Books
 c - a book of Spatial Translocations

   Spells                             Type                      Level
   a - Apportation                    Translocation                1
   b - Blink                          Translocation                2
   c - Shroud of Golubria             Charms/Translocation         2
   d - Portal Projectile              Translocation                3
   e - Teleport Other                 Translocation                3
   f - Passage of Golubria            Translocation                4
Comestibles
 f - a bread ration
 j - a fruit


   Skills:
 + Level 2.1 Fighting
 + Level 2.5 Short Blades
 + Level 1.1 Throwing
 + Level 4.0 Dodging
 + Level 2.4 Stealth
 + Level 2.9 Spellcasting
 + Level 5.7 Translocations


You had 5 spell levels left.
You knew the following spells:

 Your Spells              Type           Power        Failure   Level  Hunger
a - Apportation           Tloc           #####.....   1%          1    None
b - Blink                 Tloc           N/A          1%          2    ##.....


Dungeon Overview and Level Annotations

Branches:
Dungeon (3/15)

Altars:
Cheibriados


Innate Abilities, Weirdness & Mutations

You are tiny and cannot use many weapons and most armour.
You have supernaturally acute eyesight.
You are a herbivore.
You cover ground extremely quickly.
You need consume almost no food.
You have a pair of small antennae on your head.


Message History

The giant gecko is severely wounded.
The giant gecko barely misses you. The orc misses you.
You barely miss the giant gecko.
The giant gecko is severely wounded.
The giant gecko misses you.
You barely miss the giant gecko.
The giant gecko is severely wounded.
The orc misses you.
The giant gecko bites you but does no damage.
You hit the giant gecko but do no damage.
The giant gecko is severely wounded.
The orc closely misses you. The giant gecko misses you.
You barely miss the giant gecko.
The giant gecko is severely wounded.
You completely miss the giant gecko.
The giant gecko is severely wounded.
The giant gecko bites you.
* * * LOW HITPOINT WARNING * * *
The orc hits you with a falchion!
You die...

#####.... ###.†.
######## ##.....
......# ###......
.....# #........
....#######........
.............##.##
#ol# #........##
####@)######.........
#........#.........#.
#........>......##...
#........###....###..
####..####...........
#.......###.###...
#.......# #.# #...
#.[.....###'###...
#.........'_###...


You could see an orc and a giant gecko.

Vanquished Creatures
  A gnoll (D:2)
  3 oozes (D:2)
  3 worms (D:2)
  5 giant geckos
  4 orcs (D:3)
  6 giant cockroaches
  7 goblins
  2 hobgoblins (D:2)
  2 kobolds (D:1)
  A ball python (D:3)
  4 bats
  2 rats
40 creatures vanquished.

Notes
Turn   | Place    | Note
--------------------------------------------------------------
     0 | D:1      | shakdrar the Spriggan Warper began the quest for the Orb.
     0 | D:1      | Reached XP level 1. HP: 10/10 MP: 5/5
   559 | D:1      | Reached XP level 2. HP: 14/14 MP: 6/6
   704 | D:1      | Reached skill level 5 in Translocations
  1059 | D:2      | Learned a level 2 spell: Blink
  1452 | D:2      | Found a faded altar to an unknown god.
  1470 | D:2      | Reached XP level 3. HP: 15/18 MP: 8/8
  2020 | D:2      | Reached skill level 1 in Stealth
  2410 | D:2      | Gained mutation: You are frail (-10% HP). [potion of mutation]
  2410 | D:2      | Lost mutation: You are frail (-10% HP). [potion of mutation]
  2410 | D:2      | Gained mutation: You have a pair of small antennae on your head. [potion of mutation]
  2650 | D:2      | Reached XP level 4. HP: 14/23 MP: 9/9
  2846 | D:3      | Found a snail-covered altar of Cheibriados.
  3001 | D:3      | Mangled by an orc

Vault maps used:
D:1:      minmay_arrival_floating_metal, serial_co_window_serial,
          co_window_paths_a, co_window_corner_a, co_window_corner_a,
          co_window_of_opportunity_a, co_window_corner_a, co_window_broadway_b,
          co_window_corner_ca, co_window_corner_ca, co_window_paths_c,
          co_window_4corner_b, co_window_sun, glass_columns_b, glass_columns_a,
          glass_columns_a, glass_columns_b, glass_columns_a, fountainhead,
          minmay_strange_pillars
D:2:      ecumenical_altar_2, nicolae_tso_swordbearing_angel
D:3:      lemuel_doored_altar, first_bread

Action                   |  1- 3 |  4- 6 || total
-------------------------+-------+-------++-------
Melee: Short sword       |   140 |    54 ||   194
  Use: Scroll            |     5 |       ||     5
       Potion            |     6 |     2 ||     8
 Stab: Sleeping          |     7 |       ||     7
       Distracted        |     1 |       ||     1
